[Event "Romanian-ch Youth Open U14 2024"]
[Site "Eforie Nord"]
[Date "2024.04.18"]
[Round "8.1"]
[White "Harabor, David-Alexandru"]
[Black "Ilinca, Felix-Antonio"]
[Result "0-1"]
[ECO "B51"]
[WhiteElo "1872"]
[BlackElo "2371"]
[Annotator "TA"]
[PlyCount "102"]
[EventDate "2024.04.10"]
[EventType "swiss"]
[EventCountry "ROU"]
[SourceTitle "playchess.com"]
[Source "ChessBase"]
[SourceQuality "1"]
[TimeControl "5400+30"]

1. e4 c5 2. Nf3 d6 3. Bb5+ Nd7 4. O-O Ngf6 5. Re1 a6 6. Bf1 b5 7. a4 bxa4 8. Nc3 Bb7 {[%emt 0:02:09] White is slightly better.} 9. Rxa4 (9. Nxa4 Bxe4 10. d4 cxd4 $11) 9... e5 10. d3 g6 11. g3 Bg7 12. Bg2 O-O 13. h3 (13. Nd2 $16) 13... a5 $14 14. Bd2 Bc6 15. Ra1 a4 16. Ra3 Qc7 17. b3 axb3 18. Rxb3 c4 19. Rb1 Nc5 20. Qe2 Rfb8 21. Rec1 cxd3 22. cxd3 Nb3 $2 (22... Rxb1 $11 23. Rxb1 Bb7) 23. Rc2 $2 (23. Nd5 $18 Nxc1 (23... Nxd5 $2 24. exd5 Nxc1 25. Rxc1 $18) 24. Rxc1) 23... Nd4 (23... Nxd2 {simplifies} 24. Rxb8+ Qxb8 25. Qxd2 Bd7) 24. Rxb8+ Qxb8 25. Nxd4 exd4 26. Nd5 Bxd5 27. exd5 Qb1+ 28. Rc1 Qa2 29. Bf3 Nxd5 30. Qe4 ({White should play} 30. Qd1 $14) 30... Qxd2 $15 31. Rd1 Qc2 32. Qxd5 Ra2 33. Rf1 Rb2 34. Qxd6 Qxd3 $40 {[%emt 0:00:43][%mdl 128] Black is up to no good.} 35. Bd5 (35. Re1 $5 Rb1 (35... Qxf3 36. Re8+) 36. Rxb1 Qxb1+ 37. Kg2 $11) 35... Qf5 36. g4 Qf6 37. Qxf6 Bxf6 {[%emt 0:00:05][%mdl 4096] Endgame. KRB-KRB} 38. Rd1 Bh4 39. Rf1 (39. f4 $142) 39... Kg7 (39... d3 $142 40. Rd1 d2 (40... Rxf2 41. Rxd3 Re2 42. Rf3 $15) (40... Bxf2+ 41. Kf1 $15)) 40. Kg2 (40. Bc4 $142) 40... f5 ({Black should try} 40... d3 $17 41. Kf3 Bg5) 41. gxf5 gxf5 42. Kf3 {[%emt 0:00:02] [#]} (42. Bc4 $15 {is superior.}) 42... Rc2 $1 $17 {[%emt 0:00:41] Black has more active pieces.} 43. Be6 Kf6 44. Bg8 h6 45. Kg2 Ke5 46. Re1+ (46. Bb3 $17 Rb2 47. Ba4) 46... Kf4 $19 47. Rf1 d3 {[%emt 0:01:25][%cal Oh4f2] White must now prevent ...Bxf2!} 48. Bd5 $2 (48. Bb3 Ke4 49. Kg1) 48... Ke5 $2 (48... Bxf2 49. Bb3 Re2 (49... Ke3 50. Bxc2 dxc2 51. Rc1 $11)) 49. Bf3 Kd4 {[%emt 0:00:07][%cal Oh4f2] ...Bxf2! would now be deadly.} 50. Bh5 $2 {[%emt 0:01:06] [#]} (50. Bd1 {was the only chance.}) 50... Bxf2 $1 {[%emt 0:00:44][%mdl 512] Hoping for ...Ke3.} 51. Rxf2 (51. Kf3 Be3) 51... Ke3 {[%emt 0:00:04] Weighted Error Value: White=0.55/Black=0.25 (precise) .  Loses game:     	---       	Black=1      Missed win:     	White=1     	---        Mistake:       	White=8     	Black=3      Inaccurate:     	White=3     	Black=2      OK:         	White=11    	Black=17     Best:        	White=1     	Black=2      Strong:       	---       	Black=1      Brilliant:      	---       	Black=1} 0-1

[Event "Romanian-ch Youth Open U14 2024"]
[Site "Eforie Nord"]
[Date "2024.04.18"]
[Round "8.2"]
[White "Costache, Andrei Eugeniu"]
[Black "Tanasie, Cosmin"]
[Result "1/2-1/2"]
[ECO "B38"]
[WhiteElo "1867"]
[BlackElo "2017"]
[Annotator "TA"]
[PlyCount "130"]
[EventDate "2024.04.10"]
[EventType "swiss"]
[EventCountry "ROU"]
[SourceTitle "playchess.com"]
[Source "ChessBase"]
[SourceQuality "1"]
[TimeControl "5400+30"]

1. e4 c5 2. Nf3 Nc6 3. d4 cxd4 4. Nxd4 g6 5. c4 Bg7 6. Be3 Nf6 7. Nc3 d6 8. Be2 O-O 9. O-O Nxd4 10. Bxd4 Bd7 11. Qd2 Bc6 12. f3 a5 13. b3 Nd7 14. Be3 Nc5 15. Rac1 Qb6 16. Nb5 Rfc8 17. Rfd1 h5 18. Bf1 Kh7 {[%emt 0:02:11] White is slightly better.} 19. Kh1 Qd8 20. Nc3 Qf8 21. Nd5 Bxd5 22. Qxd5 (22. exd5 {simplifies} Re8 23. Re1 e5 24. dxe6 Rxe6 25. Bg5) 22... Bh6 23. Bxh6 Kxh6 24. g4 (24. g3 $14) 24... hxg4 $11 25. fxg4 Qg7 26. Bg2 Kh7 27. Rf1 Kg8 28. Rce1 Ra6 29. Qg5 e5 30. Qe7 (30. Rf6 $1 $11) 30... Qf8 $1 $17 31. Qf6 Re8 (31... Nd3 $1 $17 {aiming for ...d5.} 32. Rd1 d5) 32. h4 (32. Qh4 $15) 32... Qe7 (32... d5 $17 33. Qf3 dxc4 (33... Nxe4 34. Qh3 $15) (33... dxe4 34. Qg3 $11) 34. bxc4 Qe7) 33. Rd1 $15 Qxf6 34. Rxf6 Ne6 35. Bf1 (35. Kh2 $11) 35... Kg7 $1 $17 36. Rf2 Rb6 37. Kh2 a4 38. b4 (38. Rb1 $17) 38... Rxb4 $19 39. Rxd6 Rd8 {[%emt 0:00:50] Prevents Rd7} (39... Nc5 $1 $19 {[%cal Rc5e4] has better winning chances.} 40. Bd3 a3) 40. Rd5 $17 Rxd5 41. exd5 {[%emt 0:00:12][%mdl 4096] Endgame. KRB-KRN} Nc5 42. g5 ({White should try} 42. Kh3) 42... a3 {[%emt 0:05:05] ...Rb2 would now be deadly.} 43. d6 {[%emt 0:01:41] [#]} (43. Kh3 $17) 43... Rb2 $1 $19 44. Kg1 Kf8 (44... Rxf2 45. Kxf2 Ne4+ 46. Kf3 Nxd6 47. c5) (44... e4 $19 45. Kg2 (45. h5 $2 gxh5 46. g6 Kxg6 $19) 45... Kf8) 45. Bh3 (45. Bg2 $17 e4 46. d7 Nxd7 47. Bxe4) 45... Ke8 $2 (45... Rxf2 $19 46. Kxf2 Na6 (46... Ne4+ 47. Ke2 $11)) 46. Kf1 $2 (46. Bg4 $1 $15) 46... Rxf2+ 47. Kxf2 {[%emt 0:00:09] [#] KB-KN} Ne4+ $2 ({Better is} 47... Nd3+ $1 $19 48. Ke3 Nb4) 48. Ke3 $11 Nxd6 49. c5 Nf5+ 50. Ke4 Nxh4 (50... Nd4 $1 $11) 51. Kxe5 (51. Bc8 $1 $14) 51... Ke7 {[%emt 0:01:44] The position is equal.} 52. Kf4 {[%emt 0:02:22] Inhibits Nf3.} f6 53. gxf6+ Kxf6 54. Bc8 g5+ 55. Ke4 Ng6 56. Bxb7 {[%emt 0:00:27] Threatens to win with c6.} Nf8 57. Bc8 (57. c6 $5 Ne6 $8 58. Bc8 $11) 57... Ke7 58. Kf5 Kd8 59. Ba6 Nd7 60. Kxg5 Nxc5 61. Bc4 Kc7 62. Kf4 Kc6 63. Ke3 Nd7 64. Kd2 Kc5 65. Kc3 Nb6 {[%emt 0:02:00] And White is the lucky defender.   Weighted Error Value: White=0.34/Black=0.24 (precise) .  Loses game:     	White=1     	---        Missed win:     	---       	Black=2      Mistake:       	White=9     	Black=5      Inaccurate:     	White=2     	Black=2      OK:         	White=19    	Black=19     Best:        	White=2     	Black=3      Strong:       	---       	Black=2} 1/2-1/2

[Event "Romanian-ch Youth Open U14 2024"]
[Site "Eforie Nord"]
[Date "2024.04.19"]
[Round "9.1"]
[White "Ilinca, Felix-Antonio"]
[Black "Costache, Andrei Eugeniu"]
[Result "1-0"]
[ECO "B90"]
[WhiteElo "2371"]
[BlackElo "1867"]
[Annotator "TA"]
[PlyCount "137"]
[EventDate "2024.04.10"]
[EventType "swiss"]
[EventCountry "ROU"]
[SourceTitle "playchess.com"]
[Source "ChessBase"]
[SourceQuality "1"]
[TimeControl "5400+30"]

1. e4 c5 2. Nf3 d6 3. d4 cxd4 4. Nxd4 Nf6 5. Nc3 a6 6. Rg1 e5 7. Nb3 {[%emt 0:00:21] B90: Sicilian Najdorf: Unusual White 6th moves, 6 Be3 Ng4 and 6 Be3 e5.} h5 8. Be3 Be6 9. h3 Nbd7 10. Qd2 b5 11. O-O-O Qc7 $146 ({Predecessor:} 11... Rc8 12. f4 Qc7 13. Kb1 Nb6 14. f5 Nc4 15. Bxc4 Bxc4 16. Nd5 Bxd5 17. exd5 h4 {½-½ Alvarez Calzadilla,J (2327)-Cardoso Cardoso,J (2468) Barcelona Sants op 24th 2023 (5)}) 12. Nd5 (12. f4 $5) 12... Bxd5 13. exd5 Rc8 14. Kb1 $1 Nb6 15. Bxb6 Qxb6 16. Bd3 (16. f4 $14) 16... g6 $11 17. f4 Bh6 (17... Nxd5 $6 18. fxe5 Bh6 19. Bxb5+ Qxb5 20. Qxd5 Qxd5 (20... dxe5 $2 21. Qd6 $18) 21. Rxd5 dxe5 22. Rxe5+ Kf8 23. Rf1 $16) 18. Qe2 (18. g3 $11) 18... O-O (18... Bxf4 $17 19. Rgf1 Bg5 (19... Nxd5 20. g3 $14)) 19. fxe5 dxe5 20. Qf3 (20. Rgf1 $15) 20... a5 (20... Rfd8 $17 21. g4 hxg4 (21... Rxd5 22. Rdf1 $17) (21... Nxd5 22. gxh5 Nf4 23. hxg6 $16) 22. hxg4 Nxd5 (22... Rxd5 23. g5 $11)) 21. d6 $15 Bg7 (21... Qxd6 $6 22. Bxg6 (22. Nxa5 Qb6 $17) 22... Qb6 23. Bf5 $16 (23. Bxh5 $2 a4 $19)) 22. Nd2 $1 Nd7 (22... Rfd8 $15) 23. g4 $14 h4 (23... hxg4 $1 $11 {keeps the balance.} 24. hxg4 Qxd6) 24. Ne4 $16 a4 (24... Nc5 $16 {is a better defense.}) 25. g5 $18 Qc6 (25... Rc6 $142 26. Rg4 Nc5) 26. Qf2 $2 (26. Qe2 $18 {is more deadly.}) 26... Nc5 $16 27. Nf6+ (27. Qxh4 Nxd3 28. cxd3 Qc2+ 29. Ka1 a3 30. bxa3 Qa4 $11) (27. Nxc5 {simplifies} Qxc5 28. Qxc5 Rxc5 29. Be2) 27... Bxf6 28. gxf6 Nxd3 $1 29. Rxd3 Qc5 $1 30. Qg2 (30. Qxc5 Rxc5 31. d7 Rd8 $17) 30... e4 $2 (30... Rfd8 $1 $14) 31. Rdd1 $18 Qe5 32. d7 Rb8 33. Qf2 $2 ({White should try} 33. Rge1 $18) 33... b4 $1 $14 34. Qd4 (34. Qxh4 a3 35. Kc1 b3 (35... Qxb2+ $2 36. Kd2 $19) (35... axb2+ $2 36. Kb1 $18) 36. axb3 a2 $19 (36... Qxb2+ $2 37. Kd2 $19)) 34... Qxd4 35. Rxd4 Rfd8 36. Re1 (36. Rxe4 Rxd7 37. Rxh4 Rd2 $11) 36... Rb7 37. Rexe4 Rbxd7 38. Rxd7 Rxd7 39. Kc1 $1 Rd6 40. Rxb4 Rxf6 41. Rxh4 Rf1+ 42. Kd2 a3 43. bxa3 Ra1 ({Black should play} 43... Rf3 $1 $14) 44. Kc3 Rxa2 (44... f5 $16 45. a4 Rxa2) 45. Kb3 $18 Ra1 46. Kb2 Re1 47. a4 Re5 48. Rg4 Kg7 49. Rg1 f5 50. Ra1 f4 $2 (50... Re3 $16) 51. a5 $18 f3 52. a6 f2 53. a7 Re8 54. Rf1 ({Inferior is} 54. a8=R Rxa8 55. Rf1 Rf8 $11) 54... Ra8 55. Rxf2 Rxa7 56. c4 Re7 {[%emt 0:01:37] [#]} 57. Rf3 $1 Re1 58. Kb3 Rb1+ 59. Ka4 Kh6 60. c5 Kh5 61. Rc3 g5 62. c6 Rb8 63. c7 Rc8 64. Kb5 Kh4 65. Kb6 Rh8 66. Kb7 Rh7 67. Kb8 Rh8+ 68. c8=Q Rxc8+ 69. Kxc8 1-0

[Event "Romanian-ch Youth Open U14 2024"]
[Site "Eforie Nord"]
[Date "2024.04.19"]
[Round "9.2"]
[White "Sprincean, Lukas George"]
[Black "Tanasie, Cosmin"]
[Result "1-0"]
[ECO "B35"]
[WhiteElo "1921"]
[BlackElo "2017"]
[Annotator "TA"]
[PlyCount "113"]
[EventDate "2024.04.10"]
[EventType "swiss"]
[EventCountry "ROU"]
[SourceTitle "playchess.com"]
[Source "ChessBase"]
[SourceQuality "1"]
[TimeControl "5400+30"]

1. e4 c5 2. Nf3 Nc6 3. d4 cxd4 4. Nxd4 g6 5. Be3 Bg7 6. Nc3 Nf6 7. Bc4 Qa5 8. O-O O-O 9. Bb3 d6 10. h3 Bd7 11. Re1 Nxd4 12. Bxd4 Bc6 {[%emt 0:00:29] [#]} 13. Nd5 $1 Bxd5 14. exd5 Rfe8 {[%emt 0:01:07] White is slightly better.} 15. c4 a6 16. Bc3 Qc5 17. Rc1 Rac8 18. Qd2 Nd7 (18... Qb6 $142) 19. Bxg7 $1 $16 Kxg7 20. Ba4 Qc7 21. b4 {[%emt 0:00:00][%cal Oc4c5] White has more active pieces.} e6 {[%emt 0:05:25] [#]} 22. c5 $1 {[%emt 0:00:00][%mdl 512] c6 is the strong threat.} exd5 23. Rxe8 Rxe8 {[%emt 0:00:33] [#]} 24. Qxd5 (24. c6 $1 $18 bxc6 25. Rxc6) 24... Rd8 (24... b5 $16) 25. Bxd7 (25. Qxd6 Qxd6 26. cxd6 Nb6 $11) 25... Rxd7 $18 {[%emt 0:13:40][%mdl 4096] Endgame. KQR-KQR} 26. Rd1 Qc6 27. Qd4+ (27. cxd6 Qxd5 28. Rxd5 Kf6 $11) 27... f6 28. cxd6 Kf7 29. Qf4 h5 30. a3 b6 31. Qh6 {[%emt 0:00:00] Re1 would now be deadly.} Rxd6 32. Qh7+ (32. Rxd6 Qxd6 33. Qh7+ Kf8 34. Qxg6 a5 35. Qh6+ (35. Qxh5 axb4 36. axb4 Qxb4 $11) 35... Ke7) 32... Kf8 33. Rxd6 (33. Qh8+ $16 Kf7 34. Qh7+ (34. Rxd6 Qc1+ 35. Kh2 Qf4+ 36. Kg1 Qc1+ 37. Kh2 Qf4+ 38. Kh1 Qc1+ 39. Kh2 $11) 34... Kf8 35. Qh6+ Kf7 36. Rc1 (36. Rxd6 Qxd6 37. Qh7+ Kf8 $18)) 33... Qxd6 {[%emt 0:00:00] White now steadily converts the win.} (33... Qc1+ $1 $11 {remains equal.} 34. Kh2 Qf4+ 35. Kh1 Qc1+ 36. Kh2 Qf4+ 37. Kg1 Qc1+ 38. Kh2) 34. Qxg6 $16 {[%emt 0:00:06] KQ-KQ} Qf4 35. g3 ({Much worse is} 35. Qxh5 $6 Qc1+ 36. Kh2 Qf4+ 37. Kh1 Qc1+ 38. Kh2 Qf4+ 39. Kg1 Qc1+ 40. Kh2 $11) 35... Qf3 36. Qh6+ Kf7 37. Qe3 Qc6 {[%emt 0:01:12] [#]} (37... Qd1+ $16 38. Kg2 Qd5+ 39. Qf3 Qb5 40. Qb7+ Kg6 41. Qe4+ Kg7 42. Qe7+ Kg6) 38. Kh2 ({White should try} 38. Qe2 $1 $18) 38... a5 $2 (38... b5 $16 {is more resistant.} 39. Qd3 Kg7) 39. bxa5 $18 bxa5 40. Qa7+ Kg6 41. Qxa5 Qf3 42. Qc5 h4 43. gxh4 Qf4+ 44. Kg2 {[%emt 0:00:11] White threatens h5+ and mate.} Qe4+ (44... Qxh4 $142 45. Qb4 Qh8 46. Qe4+ Kg7) 45. Kg3 {[%emt 0:01:09] aiming for h5+.} Qd3+ 46. Qe3 Qd6+ 47. Kg2 {[%emt 0:00:15] White wants to mate with Qg3+.} Qd5+ 48. Kh2 Qc4 49. Qg3+ Kf7 50. h5 Qc1 51. a4 {[%emt 0:00:37][%cal Ba3a4,Ba4a5][%mdl 32] a5 would kill now.} Qd1 52. Qg6+ {[%emt 0:01:33] White mates.} Ke7 53. Qg7+ Ke8 54. h6 Qf3 55. Qg3 Qh5 {[%emt 0:00:03] [#]} 56. a5 $1 Qxh6 57. Qe3+ {[%emt 0:00:05] Weighted Error Value: White=0.29 (precise) /Black=0.65.  Loses game:     	---       	Black=1      Mistake:       	White=3     	Black=5      Inaccurate:     	White=1     	Black=2      OK:         	White=16    	Black=8      Best:        	White=7     	Black=4      Strong:       	White=1     	---} 1-0